 Dungeon Crawl Stone Soup version 0.29.1-15-g9cfb28693d (webtiles) character file.

Game seed: 18170209882671946895

1260 growler the Martial Artist (level 8, 0/56 HPs)
             Began as a Merfolk Transmuter on Mar 9, 2023.
             Was an Initiate of Wu Jian.
             Killed from afar by a steam dragon (20 damage)
             ... with a ball of steam
             ... on level 6 of the Dungeon.
             The game lasted 00:12:40 (6759 turns).

growler the Martial Artist (Merfolk Transmuter)     Turns: 6759, Time: 00:12:41

Health: 0/56       AC:  2    Str: 11    XL:     8   Next: 52%
Magic:  10/13      EV: 20    Int: 14    God:    Wu Jian [......]
Gold:   446        SH:  0    Dex: 19    Spells: 3/13 levels left

rFire   . . .      SeeInvis .     - Unarmed
rCold   . . .      Faith    .   (shield currently unavailable)
rNeg    . . .      Spirit   .   (body armour currently unavailable)
rPois   x          Reflect  .   (helmet currently unavailable)
rElec   .          Harm     .   (cloak currently unavailable)
rCorr   .          Rampage  .   (gloves currently unavailable)
Will    .....                   (boots currently unavailable)
Stlth   ++........              (no amulet)
HPRegen 0.18/turn               (no ring)
MPRegen 0.13/turn               (no ring)

@: spider-form
A: venomous fangs, tiny, (nimble swimmer 2), (mertail)
a: End Transformation, Renounce Religion


You were on level 6 of the Dungeon.
You worshipped Wu Jian.
Wu Jian was noncommittal.
You were a venomous arachnid creature.
You visited 2 branches of the dungeon, and saw 7 of its levels.
You also visited: Sewer.

You collected 446 gold pieces.

Inventory:

Missiles
 f - 17 poisoned darts
Armour
 j - a +0 pair of gloves (melded)
 o - the +1 robe "Geowaiq" (melded) {rC+ Int+4 Dex+4}
   (You found it on level 2 of the Dungeon)

   Int:       It affects your intelligence (+4).
   Dex:       It affects your dexterity (+4).
   rC:        It protects you from cold.
 r - a +0 cloak (melded)
Jewellery
 c - a ring of resist corrosion
Wands
 p - a wand of acid (3)
 q - a wand of flame (41)
 v - a wand of roots (14)
Scrolls
 g - 8 scrolls of identify {unknown}
 m - 2 scrolls of poison {unknown}
 n - a scroll of blinking {unknown}
 t - a scroll of enchant weapon {unknown}
 u - 2 scrolls of fear {unknown}
 w - a scroll of noise {unknown}
 y - a scroll of teleportation {unknown}
 z - a scroll of acquirement {unknown}
Potions
 a - 2 potions of haste {unknown}
 b - 2 potions of lignification
 d - a potion of might {unknown}
 e - 3 potions of curing
 h - 3 potions of attraction {unknown}
 i - a potion of ambrosia {unknown}
 k - a potion of berserk rage {unknown}
 l - 2 potions of heal wounds {unknown}
 s - a potion of magic {unknown}
 x - a potion of resistance {unknown}


   Skills:
 + Level 2.0 Fighting
 - Level 2.6 Dodging
 + Level 10.1 Unarmed Combat
 + Level 3.3 Spellcasting
 + Level 4.5 Transmutations
 + Level 1.4 Ice Magic


You had 3 spell levels left.
You knew the following spells:

 Your Spells              Type           Power      Damage    Failure   Level
a - Beastly Appendage     Tmut           30%        N/A       11%         1
b - Wereblood             Tmut           15%        N/A       14%         2
c - Spider Form           Tmut/Pois      8%         N/A       45%         3
d - Ice Form              Ice/Tmut       10%        N/A       73%         4

Your spell library contained the following spells:

 Spells                   Type           Power      Damage    Failure   Level
 Apportation              Tloc           4%         N/A       41%         1
 Magic Dart               Conj           8%         1d3       41%         1
 Necrotise                Necr           8%         1d4       41%         1
 Summon Small Mammal      Summ           8%         N/A       41%         1
 Searing Ray              Conj           4%         2d4       52%         2
 Fulminant Prism          Conj/Hex       1%         3d6       97%         4


Dungeon Overview and Level Annotations

Branches:
Dungeon (6/15)             Temple (1/1) D:4           Sewer (visited)

Altars:
Ashenzari
Dithmenos
Fedhas
Gozag
Hepliaklqana
Kikubaaqudgha
Nemelex Xobeh
Okawaru
Ru
Sif Muna
Trog
Uskayaw
Vehumet
Wu Jian
Yredelemnul
Zin
The Shining One

Annotations:
D:5 2 transporters, hero57213's ghost, novice MiFi


Innate Abilities, Weirdness & Mutations

You are a venomous arachnid creature.
You have poisonous fangs.
You are tiny and dextrous.
Your spellcasting is less reliable in this form.
Your armour is entirely melded.
You are incapable of wielding weapons or throwing items.
((You are very nimble when in or above water. (Stealth+, EV+, Speed+++)))
((Your lower body shifts to a powerful aquatic tail in water.))


Message History

The +1 robe "Geowaiq" {rC+ Int+4 Dex+4} unmelds from your body.
Things that are here:
a +0 club; a +0 leather armour A white imp comes into view.
Found a stone staircase leading down.
You barely miss the white imp. The white imp gestures at you.
The puff of frost misses you.
You punch the white imp!
The white imp is almost dead.
The white imp completely misses you.
An orc wizard comes into view. It is wielding a +0 dagger.
You barely miss the white imp.
The white imp is almost dead.
The orc wizard shouts!
You hear an angry hiss.
The white imp barely misses you.
A steam dragon comes into view.
You hit the white imp.
The white imp is almost dead.
The white imp gestures at you. The puff of frost hits you! You resist.
You hit the white imp but do no damage.
The white imp is almost dead.
You hit the white imp.
You kill the white imp!
The Council accepts your kill. The steam dragon breathes steam at you.
The ball of steam hits you!!
No target in view!
Casting: Spider Form (dangerous; 19% risk of failure)
Confirm with . or Enter, or press ? or * to list all spells.
You turn into a venomous arachnid creature.
Your +0 cloak melds into your body.
Your +0 pair of gloves melds into your body.
The +1 robe "Geowaiq" {rC+ Int+4 Dex+4} melds into your body.
The steam dragon bites you! The steam dragon misses you.
You barely miss the steam dragon. The steam dragon breathes steam at you.
The ball of steam hits you!!
You die...

.....'....#...≈≈§§§§§.........
..####....#.≈§≈§§≈≈..#.##.##
..#. #.......§........># #
..#. #...####.##...##.##
..#..#...#### #..##..#
..#..#...#..# ##.....#
.........#..# ..>...
######.###..####.)####### #.#
#..#..Ds........ #.#
#..#.###..###### #)#
#..#.###..# ... #.#
#......#..#.....
#.###)##......'.....
#...).##.######.....
########.# ..... #.# .... #..
....


You could see a steam dragon (catching breath).

Vanquished Creatures
  Grinder (D:5)
  Sigmund (D:5)
  An orc warrior (D:6)
  Pargi (Sewer)
  A black bear (D:5)
  2 centaurs (D:6)
  2 scorpions
  A jelly (D:6)
  3 hounds
  A gnoll bouda (D:4)
  2 orc wizards
  3 gnolls (D:4)
  2 adders
  2 white imps
  A worm (D:3)
  A dart slug (D:3)
  15 orcs
  4 ball pythons
  5 endoplasms
  9 giant cockroaches
  6 goblins
  5 hobgoblins
  6 jackals
  4 quokkas
  6 bats
  6 kobolds
  4 rats
95 creatures vanquished.

Vanquished Creatures (others)
  An orc wizard (D:6)
1 creature vanquished.

Grand Total: 96 creatures vanquished

Notes
Turn   | Place    | Note
-------+----------+-------------------------------------------
     0 | D:1      | growler the Merfolk Transmuter began the quest for the Orb.
     0 | D:1      | Reached XP level 1. HP: 15/15 MP: 3/3
   456 | D:1      | Reached XP level 2. HP: 15/21 MP: 1/5
   468 | D:1      | Learned a level 2 spell: Wereblood
   891 | D:1      | Found Muoghot's Weapon Shoppe.
  1010 | D:2      | Reached XP level 3. HP: 24/26 MP: 3/6
  1127 | D:2      | Learned a level 3 spell: Spider Form
  1186 | D:2      | Found a faded altar of an unknown god.
  1416 | D:2      | Identified the +1 robe "Geowaiq" {rC+ Int+4 Dex+4}
  1624 | D:2      | Reached skill level 4 in Unarmed Combat
  1989 | D:3      | Reached XP level 4. HP: 32/32 MP: 6/8
  2645 | D:3      | You fall into a shaft and drop 3 floors!
  2669 | D:6      | Reached skill level 5 in Unarmed Combat
  2669 | D:6      | Reached XP level 5. HP: 17/37 MP: 6/9
  2840 | D:6      | Learned a level 4 spell: Ice Form
  2882 | D:6      | Found an ancient bone altar of Kikubaaqudgha.
  2897 | D:5      | Entered Level 5 of the Dungeon
  2903 | D:5      | Noticed Grinder
  2904 | D:5      | Paralysed by Grinder for 5 turns
  2925 | D:5      | Paralysed by Grinder for 2 turns
  2929 | D:5      | Killed Grinder
  2930 | D:5      | Reached skill level 6 in Unarmed Combat
  2930 | D:5      | Reached XP level 6. HP: 12/43 MP: 5/10
  3265 | D:5      | Reached skill level 7 in Unarmed Combat
  3286 | D:5      | Found a glowing drain.
  3313 | Sewer    | Entered a sewer
  3464 | Sewer    | Noticed Pargi
  3473 | Sewer    | Killed Pargi
  3474 | Sewer    | Reached XP level 7. HP: 27/48 MP: 9/11
  3789 | D:4      | Found a sacrificial altar of Ru.
  3874 | D:4      | Found a staircase to the Ecumenical Temple.
  3896 | Temple   | Entered the Ecumenical Temple
  3901 | Temple   | Reached skill level 8 in Unarmed Combat
  4141 | Temple   | Became a worshipper of the Wu Jian Council
  5262 | D:4      | Found a glowing silver altar of Zin.
  5418 | D:5      | Found a transporter.
  5422 | D:5      | Noticed hero57213's ghost (novice MiFi)
  5437 | D:5      | Found an iron altar of Okawaru.
  5553 | D:5      | Found a transporter.
  5691 | D:5      | Noticed Sigmund
  5708 | D:5      | Killed Sigmund
  5709 | D:5      | Reached skill level 9 in Unarmed Combat
  6069 | D:5      | Reached XP level 8. HP: 44/54 MP: 5/12
  6340 | D:6      | Reached skill level 10 in Unarmed Combat
  6688 | D:6      | Reached skill level 1 in Ice Magic
  6759 | D:6      | Killed from afar by a steam dragon

Illustrated notes

Levels and vault maps discovered:
D:1:      dpeg_chamrin_arrival_tetris, layout_rooms, serial_shops,
          nicolae_lakefront_shop, hangedman_decor_riveting
D:2:      layout_basic, ebering_ecumenical_altar_sacrificial
D:3:      layout_loops_ring, hex_large, grunt_decor_fettered
D:4:      layout_basic, overflow_temple_1_default,
          nicolae_ru_great_annihilating_truth, minmay_temple_entry_water_ring
D:5:      layout_layer_cave, mainiacjoe_overflow_alcove_1, portal_sewer_entry_f,
          gammafunk_ghost_stat_death, uniq_grinder, uniq_sigmund
D:6:      layout_basic, mainiacjoe_overflow_catwalk
Temple:   regret_index_temple_generic_petals

Skill      XL: |  1  2  3  4  5  6  7  8 |
---------------+-------------------------+-----
Transmutations | 3 4 |  4.5
Unarmed Combat | 4 5 6 7 9 10 | 10.1
Spellcasting   | 3 |  3.3
Ice Magic      | 1 |  1.4
Fighting       | 2 |  2.0
Dodging        | |  2.6

Action                   |  1- 3 |  4- 6 |  7- 9 || total
-------------------------+-------+-------+-------++-------
Melee: Unarmed           |   120 |    79 |   124 ||   323
       Headbutt          |    12 |     5 |     5 ||    22
       Punch             |     2 |     1 |     8 ||    11
 Cast: Beastly Appendage |    10 |     3 |     2 ||    15
       Wereblood         |     1 |       |     2 ||     3
       Spider Form       |       |     8 |    10 ||    18
Invok: Lunge             |       |       |    15 ||    15
  Use: Potion            |       |       |     2 ||     2
 Stab: Sleeping          |       |     2 |     2 ||     4
       Paralysed         |       |       |     1 ||     1
Armor: Robe              |    29 |     7 |    17 ||    53
       Skin              |       |     3 |     4 ||     7
Dodge: Dodged            |    81 |    57 |   103 ||   241
